 Dungeon Crawl Stone Soup version 0.29.1-1-gd02db6906a (webtiles) character file.

Game seed: 1889832368051888757

9719 themarg the Devastator (level 11, 0/63 HPs)
             Began as a Tengu Conjurer on Sept 15, 2022.
             Was a Believer of Vehumet.
             Slain by an elephant (1 damage)
             ... on level 1 of the Lair of Beasts.
             The game lasted 00:57:31 (15360 turns).

themarg the Devastator (Tengu Conjurer)            Turns: 15360, Time: 00:57:32

Health: 0/63       AC:  3    Str:  9    XL:     11   Next: 50%
Magic:  5/22       EV: 16    Int: 22    God:    Vehumet [**....]
Gold:   529        SH:  0    Dex: 12    Spells: 5/24 levels left

rFire   . . .      SeeInvis .   B - staff of air
rCold   . . .      Faith    .   (no shield)
rNeg    . . .      Spirit   .   a - +0 robe
rPois   .          Reflect  .   w - +1 hat
rElec   +          Harm     .   t - scarf {shadows}
rCorr   .          Rampage  .   (no gloves)
Will    .....                   (boots unavailable)
Stlth   +++.......              (no amulet)
HPRegen 0.20/turn               (no ring)
MPRegen 0.18/turn               (no ring)

@: flying quickly and evasively, quick
A: beak, talons 3, nimble flight
a: Renounce Religion


You were on level 1 of the Lair of Beasts.
You worshipped Vehumet.
Vehumet was pleased with you.
You visited 3 branches of the dungeon, and saw 12 of its levels.

You collected 529 gold pieces.

Inventory:

Hand Weapons
 f - a +2 dagger of venom
Missiles
 r - 36 poisoned darts
 H - a throwing net
Armour
 a - a +0 robe (worn)
 c - a +0 cloak
 t - a scarf of shadows (worn)
 w - a +1 hat (worn)
 y - a +2 kite shield
Magical Staves
 B - a staff of air (weapon)
Jewellery
 F - a +4 ring of evasion
 G - a ring of magical power
Wands
 x - a wand of flame (5)
 C - a wand of mindburst (7)
Scrolls
 b - a scroll of identify
 d - 2 scrolls of blinking
 e - a scroll of silence {unknown}
 g - 2 scrolls of enchant weapon {unknown}
 h - 5 scrolls of fear
 j - 5 scrolls of teleportation
 k - a scroll of torment {unknown}
 p - 2 scrolls of brand weapon
 q - a scroll of butterflies {unknown}
 v - 3 scrolls of vulnerability
 z - a scroll of noise {unknown}
 A - a scroll of enchant armour {unknown}
 D - 2 scrolls of immolation
 I - a scroll of poison {unknown}
Potions
 l - a potion of degeneration
 m - a potion of heal wounds
 n - 2 potions of mutation
 o - a potion of might
 s - a potion of berserk rage
 u - a potion of cancellation
 J - a potion of lignification {unknown}
Miscellaneous
 E - a box of beasts (inert)


   Skills:
 - Level 5.0 Fighting
 - Level 5.0 Dodging
 - Level 5.0 Stealth
 + Level 1.6 Shields
 - Level 7.0 Spellcasting
 - Level 15.0 Conjurations
 - Level 2.0 Hexes
 - Level 2.0 Translocations
 + Level 4.4 Fire Magic
 + Level 8.4 Air Magic


You had 5 spell levels left.
You knew the following spells:

 Your Spells              Type           Power      Damage    Failure   Level
a - Magic Dart            Conj           100%       1d8       1%          1
b - Searing Ray           Conj           100%       2d8       1%          2
c - Fulminant Prism       Conj/Hex       22%        3d13      2%          4
d - Iskenderun's Mystic   Conj/Tloc      45%        2d10      2%          4
e - Airstrike             Air            30%        2d(5-21)  2%          4
f - Flame Wave            Conj/Fire      50%        2d12      1%          4

Your spell library contained the following spells:

 Spells                   Type           Power      Damage    Failure   Level
 Poisonous Vapours        Pois/Air       78%        N/A       2%          2
 Shock                    Conj/Air       100%       1d9       1%          1
 Scorch                   Fire           54%        2d7       1%          2
 Dazzling Flash           Conj/Hex       90%        N/A       1%          3
 Swiftness                Air            61%        N/A       1%          3
 Beastly Appendage        Tmut           14%        N/A       9%          1
 Summon Small Mammal      Summ           28%        N/A       9%          1
 Wereblood                Tmut           7%         N/A       12%         2
 Summon Guardian Golem    Hex/Summ       12%        N/A       16%         3
 Call Canine Familiar     Summ           7%         N/A       24%         3
 Spider Form              Tmut/Pois      7%         N/A       24%         3
 Olgreb's Toxic Radiance  Pois           7%         N/A       63%         4
 Summon Cactus Giant      Summ           3%         N/A       100%        6
 Ozocubu's Refrigeration  Ice            3%         4d8       100%        7
 Ignition                 Fire           13%        3d6       100%        8


Dungeon Overview and Level Annotations

Branches:
Dungeon (10/15)            Temple (1/1) D:5            Lair (1/5) D:8
    Orc (0/2) D:9

Altars:
Ashenzari
Cheibriados
Dithmenos
Elyvilon
Fedhas
Gozag
Hepliaklqana
Kikubaaqudgha
Makhleb
Nemelex Xobeh
Okawaru
Qazlal
Ru
Sif Muna
Trog
Uskayaw
Vehumet
Wu Jian
Xom
Yredelemnul
Zin
The Shining One

Shops:
D:4 *

Annotations:
D:5 1 exclusion
D:6 exclusion: statue


Innate Abilities, Weirdness & Mutations

You have a beak for a mouth.
You have claws for feet.
Your magical nature lets you fly swiftly and evasively.


Message History

The elephant tramples you.
You hold your ground!
The elephant barely misses you.
Casting: Flame Wave (dangerous; 1% risk of failure)
Confirm with . or Enter, or press ? or * to list all spells.
Casting: Flame Wave (dangerous; 1% risk of failure)
Press: ? - help, Dir - look around, f - activate A wave of flame ripples out!
The flame wave engulfs the elephant!
The elephant is moderately wounded.
The flame wave engulfs the elephant!
The elephant is almost dead.
The flame wave engulfs the elephant.
The elephant is lightly wounded. (Press . to intensify the flame waves.)
The elephant tramples you!
* * * LOW HITPOINT WARNING * * *
You hold your ground!
The elephant trunk-slaps you but does no damage.
The elephant completely misses you. The elephant barely misses you. x3
A wave of flame ripples out!
The flame wave engulfs the elephant!
The elephant is heavily wounded.
The flame wave engulfs the elephant!!
You kill the elephant!
Vehumet accepts your kill.
Vehumet offers you knowledge of Poisonous Vapours.
The flame wave engulfs the elephant!
The elephant is moderately wounded.
The elephant tramples you.
* * * LOW HITPOINT WARNING * * *
You hold your ground!
The elephant trunk-slaps you.
* * * LOW HITPOINT WARNING * * *
The elephant tramples you.
* * * LOW HITPOINT WARNING * * *
You hold your ground!
The elephant completely misses you.
A wave of flame ripples out!
The flame wave engulfs the elephant!
The elephant is severely wounded.
The flame wave engulfs the elephant!!
The elephant is heavily wounded.
You finish channelling waves of flame.
The elephant misses you. The elephant trunk-slaps you.
You die...

....
#.....#.#.#####.P#
...
.#.....##÷######.##
.P............##.##
.......##......#..#
+............##.##
.#............##..#
.......###...###.##
.......####..###.#
........@........#
.......Y†Y.......#
........<........##
..................#
..................#
.....P.##.#..P##.##
##...P.........#..#
##..#.........#..#
#............#.#


You could see 2 elephants.

Vanquished Creatures
  A death yak (D:8)
  3 elephants
  A black mamba (D:8)
  2 cane toads (Lair:1)
  A kobold demonologist (D:9)
  A troll (D:9)
  Sigmund (D:3)
  12 yaks
  A wyvern (D:8)
  3 steam dragons
  3 wargs (D:9)
  Menkaure (D:6)
  2 water moccasins
  2 black bears (D:8)
  2 orc warriors
  2 ice beasts
  A sky beast (D:6)
  2 ogres
  5 wolves (Lair:1)
  3 centaurs (D:7)
  A phantom (D:5)
  Blork the orc (D:5)
  4 kobold brigands (D:9)
  A gnoll sergeant (D:5)
  A bullfrog (D:7)
  3 scorpions
  2 necrophages
  A wight (D:5)
  6 killer bees (D:9)
  A howler monkey (D:7)
  2 lava snakes (D:8)
  2 hounds
  3 orc priests
  2 gnoll boudas (D:8)
  3 jellies
  Crazy Yiuf (D:2)
  Jessica (D:3)
  2 iguanas
  8 orc wizards
  7 gnolls
  6 adders
  A shadow imp (D:4)
  5 white imps
  An ufetubus (D:6)
  3 worms
  A dart slug (D:5)
  28 orcs
  5 ball pythons
  8 bats
  3 endoplasms
  A giant cockroach (D:1)
  5 goblins
  4 hobgoblins
  3 jackals (D:3)
  19 kobolds
  2 frilled lizards
  4 rats
  2 fulminant prisms
202 creatures vanquished.

Vanquished Creatures (others)
  37 fulminant prisms
  4 fungi
  2 plants (Lair:1)
43 creatures vanquished.

Grand Total: 245 creatures vanquished

Notes
Turn   | Place    | Note
-------+----------+-------------------------------------------
     0 | D:1      | themarg the Tengu Conjurer began the quest for the Orb.
     0 | D:1      | Reached XP level 1. HP: 10/10 MP: 4/4
   187 | D:1      | Reached XP level 2. HP: 15/15 MP: 4/6
   190 | D:1      | Learned a level 2 spell: Searing Ray
   249 | D:1      | Found a faded altar of an unknown god.
  1069 | D:1      | Reached XP level 3. HP: 17/19 MP: 4/7
  1305 | D:2      | Reached skill level 6 in Conjurations
  1380 | D:2      | Reached XP level 4. HP: 14/24 MP: 1/9
  2115 | D:2      | Gained mutation: Your magical nature lets you fly swiftly
                  | and evasively. [Tengu growth]
  2115 | D:2      | Reached XP level 5. HP: 28/28 MP: 6/11
  2187 | D:2      | Found an iron altar of Okawaru.
  2283 | D:2      | Found a runed translucent door.
  2284 | D:2      | Noticed Crazy Yiuf
  2370 | D:2      | Killed Crazy Yiuf
  2622 | D:3      | You are sucked into a shaft and drop 2 floors!
  2622 | D:5      | Entered Level 5 of the Dungeon
  2634 | D:5      | Found a staircase to the Ecumenical Temple.
  2640 | Temple   | Entered the Ecumenical Temple
  2653 | D:5      | Reached skill level 7 in Conjurations
  2705 | D:4      | Found Xyemuogiaw's Mass Market.
  2717 | D:4      | Reached XP level 6. HP: 22/32 MP: 3/13
  2970 | D:3      | Noticed Sigmund
  2980 | D:3      | Killed Sigmund
  2981 | D:3      | Reached skill level 8 in Conjurations
  2981 | D:3      | Reached XP level 7. HP: 31/36 MP: 6/15
  3356 | D:3      | Noticed Jessica
  3359 | D:3      | Killed Jessica
  3360 | D:3      | Reached skill level 5 in Spellcasting
  3806 | D:4      | Found a basalt altar of Yredelemnul.
  4313 | D:5      | Reached skill level 9 in Conjurations
  4577 | D:5      | Reached skill level 10 in Conjurations
  4588 | D:5      | Reached skill level 1 in Hexes
  4588 | D:5      | Reached skill level 1 in Translocations
  4588 | D:5      | Reached XP level 8. HP: 35/41 MP: 2/16
  5053 | D:4      | Learned a level 4 spell: Iskenderun's Mystic Blast
  5058 | D:4      | Learned a level 4 spell: Fulminant Prism
  5558 | D:5      | Noticed Blork the orc
  5631 | D:5      | Reached skill level 1 in Fighting
  5890 | D:5      | Killed Blork the orc
  5959 | D:5      | Found the +2 Maxwell's thermic engine {flame, freeze}
  6205 | D:6      | Noticed Menkaure
  6216 | D:6      | Killed Menkaure
  6637 | D:6      | Reached XP level 9. HP: 51/51 MP: 3/17
  6799 | D:6      | Found a radiant altar of Vehumet.
  6819 | D:6      | Became a worshipper of Vehumet
  7214 | D:6      | Reached skill level 5 in Dodging
  7681 | D:7      | Reached skill level 11 in Conjurations
  8242 | D:7      | Reached skill level 5 in Fighting
  8633 | D:7      | Reached skill level 12 in Conjurations
  9105 | D:7      | Found an opulent altar of Gozag.
  9486 | D:8      | Reached skill level 13 in Conjurations
  9880 | D:8      | Noticed a death yak
 10143 | D:8      | Found a staircase to the Lair.
 10150 | D:8      | Reached * piety under Vehumet
 10150 | D:8      | Offered knowledge of Freeze by Vehumet.
 10196 | D:8      | Reached skill level 1 in Air Magic
 10391 | D:8      | Found a sparkling altar of Nemelex Xobeh.
 10472 | D:8      | Reached XP level 10. HP: 59/59 MP: 5/18
 10505 | D:8      | Noticed an elephant
 11057 | D:9      | Noticed a kobold demonologist
 11061 | D:9      | Killed a kobold demonologist
 11062 | D:9      | Reached skill level 1 in Fire Magic
 11606 | D:9      | Found a shadowy altar of Dithmenos.
 11720 | D:9      | Found a glowing golden altar of the Shining One.
 11772 | D:9      | Reached skill level 14 in Conjurations
 11828 | D:9      | Offered knowledge of Foxfire by Vehumet.
 11924 | D:9      | Learned a level 4 spell: Airstrike
 12049 | D:9      | Found a stormy altar of Qazlal.
 12099 | D:9      | Reached ** piety under Vehumet
 12100 | D:9      | Reached skill level 5 in Air Magic
 12771 | D:9      | Found a staircase to the Orcish Mines.
 13014 | D:10     | Entered Level 10 of the Dungeon
 13405 | D:8      | Killed an elephant
 13410 | D:8      | Reached skill level 15 in Conjurations
 13410 | D:8      | Reached XP level 11. HP: 6/63 MP: 12/22
 13815 | D:8      | Killed a death yak
 14116 | Lair:1   | Entered Level 1 of the Lair of Beasts
 14245 | D:8      | Reached skill level 5 in Stealth
 14524 | D:8      | Upgraded the game from 0.29.1 to 0.29.1-1-gd02db6906a
 14529 | D:8      | Learned a level 4 spell: Flame Wave
 15006 | Lair:1   | Reached skill level 1 in Shields
 15359 | Lair:1   | Offered knowledge of Poisonous Vapours by Vehumet.
 15359 | Lair:1   | HP: 3/63 [elephant (3)]
 15359 | Lair:1   | HP: 1/63 [elephant (2)]
 15360 | Lair:1   | Slain by an elephant

Illustrated notes

Levels and vault maps discovered:
D:1:      dpeg_arrival_short_road, layout_rooms,
          dreamdust_ecumenical_altar_hidden_monk_grotto, serial_rivers,
          chequers_serial_rivers_micro_a, chequers_serial_rivers_large_a,
          chequers_serial_rivers_room_b, chequers_serial_rivers_room_a,
          chequers_serial_rivers_large_b, chequers_serial_rivers_small_3,
          nrook_campfire, dk_noncrumbling_4
D:2:      layout_rooms, basic_altar, minmay_pentomino_o2,
          uniq_crazy_yiuf_cottage
D:3:      layout_basic, minmay_misc_feat_roman, uniq_jessica, uniq_sigmund
D:4:      layout_cave_pools, mainiacjoe_overflow_small_starburst,
          chequers_serial_rivers_room_b, chequers_avenue, chequers_garden,
          minmay_shop_mass
D:5:      layout_cave_pods, minmay_temple_entry_grid, sword_in_stone
D:6:      layout_basic, vehumet_statue, hangedman_decor_peaks_small,
          uniq_menkaure
D:7:      layout_basic, general_overflow_altar, st_stairs_4,
          grunt_decor_fettered, minmay_misc_feat_room
D:8:      layout_basic, old_standard_altar, david_lair_generic,
          kennysheep_generic_room_2
D:9:      layout_long_grid, nicolae_qazlal_style_of_elements,
          nicolae_tso_carved_into_rock, old_standard_altar,
          minmay_orc_entry_guard_dogs
D:10:     layout_roguey
Temple:   minmay_freezing_vapour_temple
Lair:1:   layout_regular_city, lemuel_fruit_tree, uniq_maggie, uniq_amaemon

Skill      XL: |  1  2  3  4  5  6  7  8  9 10 11 |
---------------+----------------------------------+-----
Conjurations   | 6 7 8 10 13 15 | 15.0
Spellcasting   | 3 4 5 7 |  7.0
Hexes          | 1 2 |  2.0
Translocations | 1 2 |  2.0
Fighting       | 3 5 |  5.0
Dodging        | 4 5 |  5.0
Air Magic      | 2 6 8 |  8.4
Fire Magic     | 2 4 |  4.4
Stealth        | 5 |  5.0
Shields        | 1 |  1.6

Action                   |  1- 3 |  4- 6 |  7- 9 | 10-12 || total
-------------------------+-------+-------+-------+-------++-------
Melee: Dagger            |       |       |     7 |    33 ||    40
       Peck              |       |       |     2 |     2 ||     4
       Kick              |       |       |     1 |     9 ||    10
       Punch             |       |       |       |     1 ||     1
 Cast: Magic Dart        |    33 |    40 |    92 |    29 ||   194
       Searing Ray       |     6 |    17 |    45 |    20 ||    88
       Iskenderun's Myst |       |       |    24 |    32 ||    56
       Fulminant Prism   |       |       |    19 |    20 ||    39
       Airstrike         |       |       |       |    14 ||    14
       Flame Wave        |       |       |       |     5 ||     5
Evoke: Wand              |       |       |       |    11 ||    11
       Box of beasts     |       |       |       |     1 ||     1
  Use: Scroll            |       |       |     9 |     3 ||    12
       Potion            |       |       |     3 |     4 ||     7
Armor: Robe              |       |     4 |     6 |    13 ||    23
Dodge: Dodged            |    10 |    13 |    72 |    89 ||   184
